 Dungeon Crawl Stone Soup version 0.20-a0-1043-gbd57889 (webtiles) character file.

372 Goblin1989 the Spear-Bearer (level 6, -4/44 HPs)
             Began as a Merfolk Gladiator on Apr 24, 2017.
             Killed by divine providence
             ... invoked by an orc priest
              (12 damage)
             ... on level 4 of the Dungeon.
             The game lasted 00:09:39 (3610 turns).

Goblin1989 the Spear-Bearer (Merfolk Gladiator)     Turns: 3610, Time: 00:09:39

Health: -4/44      AC:  6    Str: 16    XL:     6   Next: 71%
Magic:  7/7        EV: 13    Int:  8    God:
Gold:   192        SH:  0    Dex: 15    Spells: 5/5 levels left

rFire    . . .     SeeInvis .   a - +1 trident
rCold    . . .     Gourm    .   (no shield)
rNeg     + . .     Faith    .   i - +0 ring mail
rPois    .         Spirit   .   c - +0 helmet
rElec    .         Reflect  .   (no cloak)
rCorr    .         Harm     .   (no gloves)
MR       .....                  (no boots)
Stlth    +.........             (no amulet)
Regen    0.2/turn               n - ring of positive energy
MPRegen  0.1/turn               (no ring)

@: no status effects
A: change form in water, swift swim, stealthy swim
a: no special abilities


You were on level 4 of the Dungeon.
You were not hungry.

You visited 1 branch of the dungeon, and saw 4 of its levels.
You also visited: Sewer.

You collected 192 gold pieces.

Inventory:

Hand Weapons
 a - a +1 trident (weapon)
 w - a +0 blowgun {@w1}
Missiles
 y - 16 poisoned needles
 Z - 3 throwing nets {!d, =f}
Armour
 c - a +0 helmet (worn)
 i - a +0 ring mail (worn)
 v - a +0 plate armour
Jewellery
 n - a ring of positive energy (left hand)
Wands
 t - a wand of flame (24/48)
 z - a wand of scattershot (5/9)
 C - a wand of confusion (26/48)
Scrolls
 d - 2 scrolls of amnesia {unknown}
 j - 3 scrolls of fog {unknown}
 k - 5 scrolls of identify {unknown}
 r - a scroll of enchant weapon
 u - a scroll of remove curse {unknown}
 A - a scroll of teleportation {unknown}
 M - 3 scrolls of magic mapping
Potions
 b - 2 potions of mutation {unknown}
 f - 2 potions of haste {unknown}
 h - 2 potions of curing {unknown}
 o - a potion of heal wounds {unknown}
 p - 2 potions of lignification {unknown}
 q - 3 potions of flight {unknown}
 s - 3 potions of agility {unknown}
 x - a potion of berserk rage {unknown}
Comestibles
 e - 3 bread rations {@e1}
 g - 2 chunks of flesh
 l - a meat ration {@e2}
 m - 6 fruits


   Skills:
 + Level 2.1 Fighting
 * Level 10.0 Polearms
 - Level 2.0 Throwing
 + Level 4.0 Dodging
 + Level 1.8 Evocations


You had 5 spell levels left.
You didn't know any spells.

Dungeon Overview and Level Annotations

Branches:
Dungeon (4/15)
 Temple: D:4-7

Altars:
Cheibriados
Dithmenos
Elyvilon
Gozag
Ru
Vehumet
Zin


Message History

You are too injured to fight recklessly!
You are too injured to fight recklessly!
You are too injured to fight recklessly!
You are too injured to fight recklessly!
Unknown command.
You are too injured to fight recklessly!
You are too injured to fight recklessly!
You are too injured to fight recklessly!
You are too injured to fight recklessly!
You are too injured to fight recklessly!
Unknown command.
You hit the hound.
You kill the hound!
You puncture the orc!
You kill the orc!
You see here a club.
Things that are here:
a dagger; a scale mail; a hound corpse You butcher the hound corpse.
g - 6 chunks of flesh (gained 2)
Things that are here:
a dagger; a scale mail Magic restored.
Some of the chunks of flesh in your inventory have rotted away.
Some of the chunks of flesh in your inventory have rotted away.
You butcher the orc corpse.
g - 3 chunks of flesh (gained 1)
You see here a whip. x2
Health restored: 44; MP restored: 7
Things that are here:
a dagger; a scale mail An iguana comes into view.
You hit the iguana.
The iguana is moderately wounded.
You closely miss the iguana.
The iguana is moderately wounded.
The iguana bites you but does no damage.
You hit the iguana but do no damage.
The iguana is moderately wounded.
The iguana closely misses you.
You hit the iguana.
The iguana is heavily wounded.
The iguana bites you.
You take 6 damage, and have 38/44 hp.
You are feeling hungry.
You hit the iguana but do no damage.
The iguana is heavily wounded.
The iguana misses you.
You hit the iguana.
The iguana is heavily wounded.
The iguana completely misses you.
You hit the iguana.
You kill the iguana!
Your Polearms skill increases to level 10!
Eating one of 3 chunks of flesh.
You eat one of the 3 chunks of flesh.
This raw flesh tastes terrible.
An orc comes into view. It is wielding a hand axe.
You regained 4 hp, and now have 42/44 hp.
Unknown command.
An orc is nearby!
An orc wizard comes into view. It is wielding a dagger.
The orc wizard shouts!
The orc shouts!
The orc wizard gestures wildly while chanting.
The orc wizard seems to speed up.
An orc comes into view. It is wielding a dagger of flaming.
An orc priest comes into view. It is wielding a war axe.
The orc shouts!
An orc priest comes into view. It is wielding a hand axe.
The orc priest shouts!
The orc wizard begins to cast a cantrip, but forgets the words!
Attack whom?
Press: ? - help, Dir - move target cursor, f - orc
Aim: an orc, wielding a hand axe and wearing a leather armour You reach to attack!
You hit the orc but do no damage. You closely miss the orc.
You hit the orc wizard.
The orc wizard is lightly wounded.
The orc wizard hits you but does no damage.
You barely miss the orc wizard.
The orc wizard is lightly wounded.
The orc priest looks braver for a moment.
The orc wizard hits you but does no damage.
The orc priest mumbles some strange prayers to Beogh against you.
Beogh smites you!
You take 12 damage, and have 31/44 hp.
MASSIVE DAMAGE!!
The orc wizard casts a spell at you. The puff of flame hits you!
The orc priest mumbles some strange prayers to Beogh against you.
Beogh smites you!
* * * LOW HITPOINT WARNING * * *
You take 24 damage, and have 7/44 hp.
MASSIVE DAMAGE!!
The orc wizard casts a spell at you. The puff of flame misses you.
The orc wizard gestures at you while chanting.
The magic dart hits you!
The orc priest calls upon Beogh to heal the orc wizard.
The orc wizard's wounds heal themselves!
The orc priest calls down the wrath of Beogh upon you.
Beogh smites you!
You die...

..................... .......
.█..█.......█.████████......█
▲█.....█.████.██ █.........█
.......█.█ █..████..o....██
.......).████.....▲o.o.......
......))....██.████o...█████.
..█████████.██..█.o........
..█ .███.█.██.█..██$█ ..█
█████.███.@.██.......
..█████...........████..███
......█.....████..█ ....
█████.█...........██ ███ █
█.█............█ █
█.█............█ ██
█.█............█
.████∆█............██
.∆.......███........█


You could see 2 orc priests, an orc wizard and 2 orcs.

Vanquished Creatures
  A big kobold (Sewer)
  2 hounds (D:4)
  An orc priest (D:4)
  Ijyb (D:3)
  An iguana (D:4)
  3 river rats
  3 adders
  4 oozes
  A worm (D:3)
  2 dart slugs (D:2)
  2 leopard geckos (D:2)
  6 orcs
  7 giant cockroaches
  6 goblins
  7 hobgoblins
  2 jackals (Sewer)
  A quokka (D:3)
  2 ball pythons (D:2)
  5 bats
  6 frilled lizards
  11 kobolds
  9 rats
83 creatures vanquished.

Notes
Turn   | Place    | Note
-------+----------+-------------------------------------------
     0 | D:1      | Goblin1989 the Merfolk Gladiator began the quest for the Orb.
     0 | D:1      | Reached XP level 1. HP: 16/16 MP: 1/1
   332 | D:1      | Reached skill level 5 in Polearms
   332 | D:1      | Reached XP level 2. HP: 22/22 MP: 2/2
   960 | D:1      | Reached XP level 3. HP: 27/27 MP: 3/3
   988 | D:2      | Reached skill level 6 in Polearms
  1430 | D:2      | Reached skill level 7 in Polearms
  1430 | D:2      | Reached XP level 4. HP: 33/33 MP: 4/4
  1477 | D:2      | Found a white marble altar of Elyvilon.
  1477 | D:2      | Found a sacrificial altar of Ru.
  1478 | D:2      | Found a glowing silver altar of Zin.
  1481 | D:2      | Found a snail-covered altar of Cheibriados.
  1481 | D:2      | Found a radiant altar of Vehumet.
  1482 | D:2      | Found a shadowy altar of Dithmenos.
  1971 | D:3      | Found a glowing drain.
  1995 | D:3      | Reached skill level 8 in Polearms
  2073 | Sewer    | Entered a sewer
  2083 | Sewer    | Reached XP level 5. HP: 27/38 MP: 5/5
  2235 | Sewer    | Noticed a big kobold
  2251 | Sewer    | Killed a big kobold
  2251 | Sewer    | Reached skill level 9 in Polearms
  2281 | Sewer    | Found a glowing silver altar of Zin.
  2378 | D:3      | Noticed Ijyb
  2395 | D:3      | Killed Ijyb
  2395 | D:3      | Reached XP level 6. HP: 19/44 MP: 6/6
  2580 | D:3      | Found an opulent altar of Gozag.
  3391 | D:4      | Reached skill level 1 in Evocations
  3568 | D:4      | Reached skill level 10 in Polearms
  3610 | D:4      | Killed from afar by an orc priest

Vault maps used:
D:1:      dpeg_arrival_water_temple_mockup, minmay_misc_feat_rugged
D:2:      grunt_temple_overflow_open, first_bread, minmay_statues_item
D:3:      cheibrodos_helix_gallery, grunt_gozag_statues, portal_sewer_entry_b,
          uniq_ijyb
D:4:      serial_corexii_hall, corexii_hall_statues_u, corexii_hall_statues_l
Sewer:    sewer_kobolds

Skill      XL: |  1  2  3  4  5  6 |
---------------+-------------------+-----
Polearms       | 5 7 8 9 10 | 10.0
Evocations     | 1 |  1.8
Fighting       | |  2.1
Throwing       | |  2.0
Dodging        | |  4.0

Action                   |  1- 3 |  4- 6 || total
-------------------------+-------+-------++-------
Melee: Trident           |    99 |   191 ||   290
       Tailslap          |       |     5 ||     5
  Use: Scroll            |       |     3 ||     3
  Eat: Chunk             |     2 |     7 ||     9
Armor: Ring mail         |    23 |    43 ||    66
       Leather armour    |     2 |       ||     2
Dodge: Dodged            |    35 |    83 ||   118

Vault maps used:
D:1:      dpeg_arrival_water_temple_mockup, minmay_misc_feat_rugged
D:2:      grunt_temple_overflow_open, first_bread, minmay_statues_item
D:3:      cheibrodos_helix_gallery, grunt_gozag_statues, portal_sewer_entry_b,
          uniq_ijyb
D:4:      serial_corexii_hall, corexii_hall_statues_u, corexii_hall_statues_l
Sewer:    sewer_kobolds
